 Dungeon Crawl Stone Soup version 0.29-a0-775-g4d7333d4e2 (webtiles) character file.

Game seed: 11589033694738842078

494 happo123 the Digger (level 6, -7/57 HPs)
             Began as a Troll Earth Elementalist on July 1, 2022.
             Killed from afar by Dowan (12 damage)
             ... with a shard of ice
             ... on level 4 of the Dungeon.
             The game lasted 00:19:35 (2222 turns).

happo123 the Digger (Troll Earth Elementalist)      Turns: 2222, Time: 00:19:36

Health: -7/57      AC:  4    Str: 17    XL:     6   Next: 92%
Magic:  6/8        EV:  8    Int: 13    God:
Gold:   137        SH:  6    Dex: 10    Spells: 8/9 levels left

rFire   . . .      SeeInvis .     - Unarmed
rCold   . . .      Faith    .   i - +0 kite shield
rNeg    . . .      Spirit   .   a - +0 robe
rPois   +          Reflect  .   (helmet restricted)
rElec   .          Harm     .   (no cloak)
rCorr   .          Rampage  .   (gloves unavailable)
Will    .....                   (boots unavailable)
Stlth   +.........              (no amulet)
HPRegen 0.99/turn               h - ring of poison resistance
MPRegen 0.11/turn               m - ring of flight

@: flying, very slightly contaminated
A: large, unfitting armour, claws 3, regeneration 1, shaggy fur 1, tough skin 1
a: no special abilities


You were on level 4 of the Dungeon.
You visited 1 branch of the dungeon, and saw 4 of its levels.

You collected 137 gold pieces.

Inventory:

Hand Weapons
 r - the +6 rapier of Circularity {vorpal, rF+}
   (You found it on level 3 of the Dungeon)

   It inflicts extra damage upon your enemies.
   rF:        It protects you from fire.
Armour
 a - a +0 robe (worn)
 i - a +0 kite shield (worn)
Jewellery
 h - a ring of poison resistance (left claw)
 m - a ring of flight (right claw)
Wands
 o - a wand of polymorph (12)
 s - a wand of flame (5)
Scrolls
 c - a scroll of fear {unknown}
 d - a scroll of amnesia {unknown}
 f - a scroll of silence {unknown}
 j - a scroll of fog {unknown}
 p - a scroll of identify {unknown}
 t - a scroll of teleportation {unknown}
Potions
 b - 2 potions of magic
 e - a potion of lignification {unknown}
 g - 2 potions of invisibility {unknown}
 k - a potion of mutation {unknown}
 l - a potion of flight {unknown}
 n - 3 potions of attraction {unknown}
 q - a potion of curing {unknown}


   Skills:
 + Level 1.8 Fighting
 + Level 2.4 Dodging
 - Level 1.0 Stealth
 + Level 1.6 Shields
 * Level 3.4 Unarmed Combat
 + Level 2.0 Spellcasting
 + Level 0.5 Conjurations
 + Level 1.8 Transmutations
 + Level 3.6 Earth Magic


You had 8 spell levels left.
You knew the following spells:

 Your Spells              Type           Power      Damage    Failure   Level
a - Sandblast             Erth           20%        2d7       14%         1

Your spell library contained the following spells:

 Spells                   Type           Power      Damage    Failure   Level
 Passwall                 Tmut/Erth      6%         N/A       32%         2
 Stone Arrow              Conj/Erth      12%        3d7       63%         3
 Static Discharge         Conj/Air       2%         3-4/arc   65%         2
 Dazzling Flash           Conj/Hex       4%         N/A       86%         3
 Gell's Gravitas          Tloc           1%         N/A       88%         3
 Teleport Other           Tloc           1%         N/A       88%         3
 Petrify                  Tmut/Erth      8%         N/A       91%         4
 Agony                    Necr           1%         N/A       100%        5
 Lightning Bolt           Conj/Air       1%         1d12      100%        5
 Silence                  Hex/Air        0%         N/A       100%        5
 Dispersal                Tloc           0%         N/A       100%        6
 Maxwell's Capacitive Co  Air            0%         ∞         100%        8


Dungeon Overview and Level Annotations

Branches:
Dungeon (4/15)
 Temple: D:4-7

Altars:
Dithmenos
Ru
Sif Muna
Vehumet

Annotations:
D:4 Dowan


Innate Abilities, Weirdness & Mutations

You are too large for most types of armour.
You have claws for hands.
Your natural rate of healing is unusually fast.
You are covered in fur. (AC +1)
You have tough skin. (AC +1)


Message History

Aim: Dowan, wielding a +0 dagger and wearing a +0 robe (wandering, hasn't noticed you, 71% to hit)
The blast of sand hits Dowan.
Dowan is lightly wounded.
Dowan shouts!
Dowan seems to find hidden reserves of power!
Dowan points at you and mumbles some strange words.
The shard of ice hits you!
Dowan casts a spell.
Dowan blinks!
Dowan points at you and mumbles some strange words.
You block the stone arrow.
Aiming: Sandblast (safe; 14% risk of failure)
Press: ? - help, Q - select action, (/) - cycle Shift-Dir - straight line, f/p - Dowan
Aim: Dowan, wielding a +0 dagger and wearing a +0 robe (lightly wounded, fast, 71% to hit)
You miscast Sandblast.
You are very lightly contaminated with residual magic.
Nothing appears to happen.
Dowan hits you with a +0 dagger. Dowan gestures at you while chanting.
The stone arrow hits you!
* * * LOW HITPOINT WARNING * * *
You barely miss Dowan.
Dowan is lightly wounded.
Dowan closely misses you. You block Dowan's attack.
You closely miss Dowan.
Dowan is lightly wounded.
Dowan completely misses you.
Dowan mumbles some strange words.
Dowan blinks!
Dowan points at you and mumbles some strange words.
The shard of ice hits you!
* * * LOW HITPOINT WARNING * * *
Aiming: Sandblast (safe; 14% risk of failure)
Press: ? - help, Q - select action, (/) - cycle Shift-Dir - straight line, f/p - Dowan
Aim: Dowan, wielding a +0 dagger and wearing a +0 robe (lightly wounded, fast, 71% to hit)
Out of range.
Okay, then.
Dowan points at you and mumbles some strange words.
The shard of ice hits you!
You die...

. . # #.### #.#######
#....
#...).@.###############
#######..e.............
#################


You could see Dowan (fast).

Vanquished Creatures
  Duvessa (D:4)
  A black bear (D:3)
  A phantom (D:4)
  An orc priest (D:4)
  Ijyb (D:3)
  Terence (D:3)
  An orc wizard (D:4)
  3 adders (D:2)
  4 worms
  8 orcs
  3 endoplasms
  2 giant cockroaches
  9 goblins
  5 hobgoblins
  8 jackals (D:1)
  10 kobolds
  2 quokkas
  5 ball pythons
  10 bats
  9 frilled lizards
  6 rats
  2 toadstools (D:1)
93 creatures vanquished.

Vanquished Creatures (others)
  2 toadstools (D:1)
2 creatures vanquished.

Grand Total: 95 creatures vanquished

Notes
Turn   | Place    | Note
-------+----------+-------------------------------------------
     0 | D:1      | happo123 the Troll Earth Elementalist began the quest for
                  | the Orb.
     0 | D:1      | Reached XP level 1. HP: 16/16 MP: 1/1
    91 | D:1      | Reached XP level 2. HP: 24/24 MP: 0/3
   204 | D:1      | Reached skill level 1 in Unarmed Combat
   205 | D:1      | Reached skill level 1 in Transmutations
   413 | D:1      | Reached XP level 3. HP: 21/31 MP: 2/4
   458 | D:1      | You fall into a shaft and drop 1 floor!
   602 | D:2      | Reached XP level 4. HP: 40/40 MP: 5/5
   825 | D:1      | Found a faded altar of an unknown god.
   932 | D:2      | Reached skill level 1 in Fighting
  1154 | D:3      | Found a shimmering blue altar of Sif Muna.
  1154 | D:3      | Found a shadowy altar of Dithmenos.
  1189 | D:3      | Noticed Ijyb
  1251 | D:3      | Killed Ijyb
  1311 | D:3      | Identified the +6 rapier of Circularity {vorpal, rF+}
  1419 | D:3      | Reached XP level 5. HP: 44/48 MP: 2/6
  1517 | D:3      | Noticed Terence
  1524 | D:3      | Killed Terence
  1575 | D:3      | Noticed a black bear
  1588 | D:3      | Killed a black bear
  1589 | D:3      | Reached skill level 1 in Shields
  1956 | D:4      | Found a radiant altar of Vehumet.
  1977 | D:4      | Reached XP level 6. HP: 55/55 MP: 5/7
  2022 | D:4      | Found a sacrificial altar of Ru.
  2202 | D:4      | Noticed Duvessa
  2215 | D:4      | Killed Duvessa
  2216 | D:4      | Noticed Dowan
  2222 | D:4      | Killed from afar by Dowan

Illustrated notes

Levels and vault maps discovered:
D:1:      ldierk_water_garden, layout_rooms,
          shapermc_ecumenical_altar_acropolis, patterned_corridor
D:2:      layout_loops_ring, hex_large
D:3:      layout_loops_ring, amethyst_overflow_temple_binary, amethyst_killhole,
          uniq_ijyb, uniq_terence
D:4:      layout_loops_ring, mainiacjoe_overflow_catwalk, vehumet_crystals,
          nicolae_ru_path_of_blood, minmay_a_box_with_orc_wizards_in_it,
          uniq_duvessa

Skill      XL: |  1  2  3  4  5  6 |
---------------+-------------------+-----
Unarmed Combat | 1 2 3 |  3.4
Transmutations | 1 |  1.8
Earth Magic    | 3 |  3.6
Fighting       | 1 |  1.8
Dodging        | 2 |  2.4
Shields        | 1 |  1.6
Spellcasting   | 2 |  2.0
Stealth        | |  1.0
Conjurations   | |  0.5

Action                   |  1- 3 |  4- 6 || total
-------------------------+-------+-------++-------
Melee: Unarmed           |   116 |   151 ||   267
 Cast: Sandblast         |    20 |    23 ||    43
 Stab: Sleeping          |       |     4 ||     4
Armor: Robe              |    58 |    26 ||    84
       Skin              |       |     9 ||     9
Dodge: Dodged            |    80 |    66 ||   146
Block: Kite shield       |    19 |    43 ||    62

Table legend: (Time is in decaauts)
 A = Elapsed time spent in this place.
 B = Non-inter-level travel time spent in this place.
 C = Inter-level travel time spent in this place.
 D = Time resting spent in this place.
 E = Time spent auto-exploring this place.
 F = Levels seen in this place.
 G = Mean time per level.
                   A        B        C        D        E       F      G
               +--------+--------+--------+--------+--------+-----+--------+
         Total |   2285 |   1787 |    498 |      9 |   1025 |   4 |  571.2 |
       Dungeon |   2285 |   1787 |    498 |      9 |   1025 |   4 |  571.2 |
               +--------+--------+--------+--------+--------+-----+--------+

Top non-repeatable levels by time:
     D:3: 793 daAuts
     D:2: 626 daAuts
     D:1: 575 daAuts
     D:4: 288 daAuts
